cohdb
Replays
Latest Replays
All Replays
Popular Replays
Top Player Replays
Match Explorer
How It Works
Community
CoH3 Stats
Reddit
Sign in to upload your games and track your stats! →
Sign in with Steam
Match 41720432
Unlisted
Match 41720432
Overview
Messages
Build Orders
End
Selects Australian Defense Battlegroup
Selects Australian Light Infantry Section
Australian Light Infantry Section
Construct Section Command Post
Dingo Light Scout Car
Australian Light Infantry Section
Selects 2-pounder Anti-tank Gun Team
2-pounder Anti-tank Gun Team
Australian Light Infantry Section
Australian Light Infantry Section
2-pounder Anti-tank Gun Team
Construct Platoon Command Post
Selects Vehicle Over Repair
Infantry Training
CMP 15cwt Truck
Sunk Cost
ßoo
thecrazycowboygeneral
月下秋璇
圣园未花
qqnn1202
0
0
Comments
sign in to comment!
No comments posted yet!